 Dungeon Crawl Stone Soup version 0.30.1-9-gdf580d7c3d (webtiles) character file.

Game seed: 8912994013387345776

35 Koog the Chopper (level 3, -3/28 HPs)
             Began as a Demonspawn Gladiator on Oct 10, 2023.
             Was an Initiate of Ru.
             Slain by an orc
             ... wielding a +1 falchion of holy wrath
              (8 damage)
             ... on level 3 of the Dungeon.
             The game lasted 00:09:41 (1397 turns).

Koog the Chopper (Demonspawn Gladiator)             Turns: 1397, Time: 00:09:43

Health: -3/28      AC: 12    Str: 16    XL:     3   Next: 16%
Magic:  3/3        EV: 13    Int: 19    God:    Ru [......]
Gold:   94         SH:  4    Dex: 14    Spells: 2/2 levels left

rFire   . . .        a - +0 war axe
rCold   . . .        (no shield)
rNeg    . . .        p - +2 chain mail of Dice, Bag, and Bottle {Drain Regen+ Int+10}
rPois   .            c - +1 helmet
rElec   .            f - scarf {harm}
rCorr   .            (no gloves)
SInv    .            (no boots)
Will    .....        (no amulet) Stlth
                     i - +5 ring of evasion
HPRegen 1.04/turn    (no ring)
MPRegen 0.08/turn

%: harm (+30% outgoing, +20% incoming)
@: no status effects
A: condensation shield
a: Renounce Religion, Sacrifice Courage, Sacrifice an Eye, Sacrifice Arcana,
Reject Sacrifices


You were on level 3 of the Dungeon.
You worshipped Ru.
Ru was noncommittal.
You visited 1 branch of the dungeon, and saw 3 of its levels.

You collected 94 gold pieces.

Inventory:

Hand Weapons
 a - a +0 war axe (weapon)
 o - a +0 spear
Missiles
 d - 3 throwing nets
 e - a javelin
 n - 6 poisoned darts
Armour
 b - a +0 leather armour
 c - a +1 helmet (worn)
 f - a scarf of harm (worn)
 g - a +0 ring mail
 k - a +0 scale mail of positive energy
 p - the +2 chain mail of Dice, Bag, and Bottle (worn) {Drain Regen+ Int+10}
   (You found it on level 2 of the Dungeon)

   Int:       It affects your intelligence (+10).
   Regen:     It increases your rate of health regeneration.
   Drain:     It drains your maximum health when unequipped.
Jewellery
 i - a +5 ring of evasion (left hand)
Scrolls
 h - 3 scrolls of teleportation
 j - a scroll of immolation
 q - 2 scrolls of identify
 r - a scroll of magic mapping {unknown}
Potions
 l - a potion of heal wounds
 m - a potion of berserk rage


   Skills:
 + Level 2.4 Fighting
 + Level 3.2 Axes
 + Level 2.1 Throwing
 + Level 0.2 Armour
 + Level 2.8 Dodging


You had 2 spell levels left.
You didn't know any spells.
Your spell library contained the following spells:

 Spells                   Type           Power      Damage    Failure   Level
 Ignite Poison            Fire/Tmut/Pois 0%         N/A       100%        3
 Stone Arrow              Conj/Erth      0%         3d7       100%        3
 Animate Armour           Summ/Erth      0%         N/A       100%        4
 Sticky Flame             Conj/Fire      0%         2d3       100%        4
 Ignition                 Fire           0%         3d3       100%        8
 Lehudib's Crystal Spear  Conj/Erth      0%         10d2      100%        8


Dungeon Overview and Level Annotations

Branches:
Dungeon (3/15)

Altars:
Ru

Shops:
D:3 ?


Innate Abilities, Weirdness & Mutations

A meltable shield of frost defends you. (SH +4)


Message History

Found Ynuergh's Magic Scroll Shop.
Found a scroll labelled IXKIKE OWNOH.
Found 11 gold pieces.
Found a knobbly glowing staff.
A hobgoblin comes into view.
The hobgoblin shouts!
You hear a shout!
The hobgoblin closely misses you.
You see here 11 gold pieces.
You now have 94 gold pieces (gained 11).
The hobgoblin hits you but does no damage.
You closely miss the hobgoblin. The hobgoblin barely misses you. x2
You closely miss the hobgoblin. The hobgoblin hits you.
You slash the hobgoblin!
You kill the hobgoblin!
An orc comes into view.
It is wielding a +1 falchion of holy wrath.
The orc shouts!
The orc moves out of view.
There is an entrance to Ynuergh's Magic Scroll Shop here.
An orc comes into view. It is wielding a +0 flail.
The orc shouts!
You see here a scroll labelled IXKIKE OWNOH.
r - a scroll labelled IXKIKE OWNOH The orc hits you but does no damage.
A kobold comes into view. It is wielding a +0 short sword.
The kobold shouts!
The orc completely misses you.
You closely miss the orc. The orc misses you. You block the orc's attack.
You barely miss the orc. The orc hits you with a +0 flail.
You closely miss the orc. You punch the orc.
The orc is moderately wounded.
You barely miss the orc. The orc closely misses you.
The orc hits you with a +1 falchion of holy wrath.
You convulse!
You hit the orc.
You kill the orc!
You hit the orc.
The orc hits you with a +1 falchion of holy wrath.
* * * LOW HITPOINT WARNING * * *
You convulse!
You die...

... ..# #.## #..###
#.# #.... #.# #
#####.|#
#.###.#...#K.#
......#.#.o@.#
##.###..∩..##.#
......#.#....# # #.###
#......# ..####<.#
#......#
........####.#....#
#.##......>#.##...##
#...)...#.# ......
#.##..)....#.##.......


You could see an orc and a kobold.

Vanquished Creatures
  A worm (D:2)
  An orc (D:3)
  5 ball pythons
  3 endoplasms
  3 giant cockroaches
  5 goblins
  A hobgoblin (D:3)
  A quokka (D:2)
  A bat (D:1)
  A frilled lizard (D:1)
  3 kobolds
  4 rats
29 creatures vanquished.

Notes
Turn   | Place    | Note
-------+----------+-------------------------------------------
     0 | D:1      | Koog the Demonspawn Gladiator began the quest for the Orb.
     0 | D:1      | Reached XP level 1. HP: 16/16 MP: 1/1
   181 | D:1      | Gained mutation: A meltable shield of frost defends you.
                  | (SH +4) [demonic ancestry]
   181 | D:1      | Reached XP level 2. HP: 22/22 MP: 2/2
   839 | D:2      | Reached skill level 3 in Axes
  1151 | D:2      | Reached XP level 3. HP: 28/28 MP: 3/3
  1185 | D:2      | Identified the +2 chain mail of Dice, Bag, and Bottle
                  | {Drain Regen+ Int+10}
  1249 | D:2      | Found a faded altar of an unknown god.
  1272 | D:2      | Prayed at the altar of an unknown god.
  1272 | D:2      | Became a worshipper of Ru the Awakened
  1368 | D:3      | Found Ynuergh's Magic Scroll Shop.
  1397 | D:3      | Slain by an orc

Illustrated notes

Levels and vault maps discovered:
D:1:      lordsloth_arrival_two_stooges, layout_basic
D:2:      layout_loops_ring, ebering_ecumenical_altar_hall,
          minmay_increasing_density
D:3:      layout_loops_ring, serial_shops, nicolae_shop_crystal, uniq_terence,
          uniq_jessica

Skill      XL: |  1  2 |
---------------+-------+-----
Throwing       | 2 |  2.1
Axes           | 3 |  3.2
Fighting       | |  2.4
Armour         | |  0.2
Dodging        | |  2.8

Action                     || total
---------------------------++-------
  Melee: War axe           ||    77
         Punch             ||     2
    Use: Scroll            ||     6
         Potion            ||     3
 Armour: Ring mail         ||    12
         Leather armour    ||     3
         Scale mail        ||    14
         Chain mail        ||     4
  Dodge: Dodged            ||    68
  Block: Other             ||    11
